 Seeded DCSS version 0.27-a0-152-g6fc33f2 (webtiles) character file.

Game seed: 4264689176444865695 (custom seed)

4465 GeorgeSoros the Destroyer (level 10, 0/80 HPs)
             Began as a White Draconian Wanderer on Jan 25, 2021.
             Was an Elder of Makhleb.
             Succumbed to a hornet's poison
             ... on level 10 of the Dungeon on Jan 27, 2021.
             The game lasted 00:55:23 (11947 turns).

GeorgeSoros the Destroyer (DrWn)                   Turns: 11947, Time: 00:55:23

Health: 0/80       AC:  8    Str: 15    XL:     10   Next: 15%
Magic:  5/19       EV: 12    Int: 17    God:    Makhleb [****..]
Gold:   619        SH:  0    Dex:  9    Spells: 10/21 levels left

rFire    . . .     SeeInvis .   a - +6 whip of Instant Death {venom, Stlth+}
rCold    + . .     Faith    .   (no shield)
rNeg     . . .     Spirit   .   (armour unavailable)
rPois    .         Reflect  .   (helmet restricted)
rElec    .         Harm     .   j - +0 cloak
rCorr    .         Rampage  .   (no gloves)
Will     .....                  (no boots)
Stlth    ++........             (no amulet)
HPRegen  0.23/turn              d - ring of flight
MPRegen  0.16/turn              t - ring of wizardry

@: lethally poisoned (0 -> -31), slowed, very slow
A: breathe frost, unfitting armour, cold resistance 1, cold-blooded, AC +7
a: Breathe Frost, Renounce Religion, Evoke Flight, Minor Destruction, Lesser
Servant of Makhleb, Major Destruction


You were on level 10 of the Dungeon.
You worshipped Makhleb.
Makhleb was greatly pleased with you.
You visited 1 branch of the dungeon, and saw 10 of its levels.

You collected 619 gold pieces.

Inventory:

Hand Weapons
 a - the +6 whip of Instant Death (weapon) {venom, Stlth+}
   (You found it on level 5 of the Dungeon)

   It poisons the flesh of those it strikes.
   It makes you more stealthy.
 b - a +2 mace of draining
 r - a +2 hunting sling of flaming
Missiles
 g - 129 sling bullets
Armour
 j - a +0 cloak (worn)
 B - a +0 buckler
Jewellery
 d - a ring of flight (left hand)
 t - a ring of wizardry (right hand)
Wands
 m - a wand of polymorph (21)
 u - a wand of paralysis (6)
 D - a wand of random effects (52)
 F - a wand of acid (6)
 G - a wand of iceblast (13)
Scrolls
 c - 7 scrolls of teleportation
 i - 6 scrolls of remove curse
 n - a scroll of amnesia
 q - 5 scrolls of magic mapping
 v - a scroll of fear
 y - 2 scrolls of enchant weapon
 E - a scroll of immolation
Potions
 e - 2 potions of attraction
 f - 3 potions of flight
 h - 2 potions of heal wounds
 k - 4 potions of haste
 l - a potion of cancellation
 o - a potion of magic
 p - 2 potions of mutation
 s - a potion of resistance {unknown}
 w - 2 potions of brilliance {unknown}
 x - a potion of lignification {unknown}
 z - a potion of berserk rage {unknown}
 A - 3 potions of curing {unknown}
 C - a potion of might


   Skills:
 - Level 4.6 Fighting
 - Level 2.0 Dodging
 - Level 1.0 Stealth
 - Level 1.0 Shields
 - Level 6.0 Spellcasting
 + Level 9.2 Conjurations
 - Level 5.0 Summonings
 - Level 1.0 Translocations
 - Level 1.0 Transmutations
 + Level 5.9 Air Magic
 - Level 4.0 Poison Magic
 - Level 5.0 Invocations
 + Level 1.7 Evocations


You had 10 spell levels left.
You knew the following spells:

 Your Spells              Type           Power        Failure   Level
a - Magic Dart            Conj           100%         1%          1
b - Mephitic Cloud        Conj/Pois/Air  26%          1%          3
c - Call Imp              Summ           22%          1%          2
d - Lightning Bolt        Conj/Air       15%          6%          5

Your spell library contained the following spells:

 Spells                   Type           Power        Failure   Level
 Shock                    Conj/Air       100%         1%          1
 Sting                    Tmut/Pois      52%          1%          1
 Swiftness                Air            25%          1%          2
 Static Discharge         Conj/Air       30%          1%          3
 Conjure Flame            Conj/Fire      20%          2%          3
 Airstrike                Air            12%          4%          4
 Blink                    Tloc           N/A          5%          2
 Spider Form              Tmut/Pois      6%           6%          3
 Slow                     Hex            5%           8%          2


Dungeon Overview and Level Annotations

Branches:
Dungeon (10/15)            Temple (0/1) D:5
   Lair: D:8-11         Orc: D:9-12

Altars:
Cheibriados
Fedhas
Gozag
Kikubaaqudgha
Makhleb
Okawaru
Ru
Sif Muna
Wu Jian
The Shining One

Shops:
D:7 ([((

Annotations:
D:7 exclusion: ice statue


Innate Abilities, Weirdness & Mutations

You can breathe waves of freezing cold.
You can buffet flying creatures when you breathe cold.
Your icy white scales are hard. (AC +7)
You cannot fit into any form of body armour.
Your flesh is cold resistant. (rC+)
You are cold-blooded and may be slowed by cold attacks.


Message History

* * * LOW HITPOINT WARNING * * *
You feel very sick.
The hornet stings you but does no damage. x2
You can move again.
Okay, then.
As you read the scroll of teleportation, it crumbles to dust.
You feel strangely unstable.
* * * LOW HITPOINT WARNING * * *
You feel very sick. The hornet closely misses you. The hornet stings you!
* * * LOW HITPOINT WARNING * * *
You feel as though you will be slow longer.
Okay, then.
Okay, then.
As you read the scroll of fear, it crumbles to dust.
You assume a fearsome visage.
The orc warrior looks frightened!
The orc warrior resists with some effort.
The orc looks frightened!
The hornet looks frightened!
Your surroundings suddenly seem different.
You die...

#################################
................@................
........................##.......
........................##.......
....<...##...................####
........##.......................
........##.......................
.................................
#################'###))..........
#............


There were no monsters in sight!

Vanquished Creatures
  Erica (D:9)
  Maurice (D:8)
  Maggie (D:8)
  A troll (D:9)
  A water moccasin (D:10)
  2 ice beasts
  An orc warrior (D:9)
  A black bear (D:9)
  2 necrophages
  An ogre (D:8)
  5 centaurs
  A wyvern skeleton (D:9)
  A scorpion (D:10)
  9 wights
  4 electric eels (D:6)
  A crimson imp (D:3)
  3 hounds
  A jelly (D:9)
  Crazy Yiuf (D:2)
  2 gnoll shamans
  6 orc priests
  2 bullfrog skeletons (D:4)
  2 centaur zombies
  4 orc wizards
  An iguana (D:5)
  Natasha (thrice) (D:3)
  8 worker ants
  A killer bee zombie (D:6)
  2 hound zombies
  Robin (D:4)
  A hound skeleton (D:9)
  2 worker ant zombies
  7 gnolls
  12 adders
  2 shadow imps
  3 white imps
  3 ufetubi
  2 oozes (D:1)
  3 dart slugs
  6 leopard geckos
  31 orcs
  5 bats
  3 giant cockroaches
  12 goblins
  12 hobgoblins
  8 jackals
  3 quokkas
  2 ball pythons
  4 frilled lizards
  A giant cockroach zombie (D:5)
  10 kobolds
  25 rats
227 creatures vanquished.

Vanquished Creatures (collateral kills)
  An ice beast (D:10)
  A wight (D:10)
  An orc priest (D:9)
  An orc (D:9)
4 creatures vanquished.

Vanquished Creatures (others)
  An electric eel (D:7)
  4 plants (D:6)
5 creatures vanquished.

Grand Total: 236 creatures vanquished

Notes
Turn   | Place    | Note
-------+----------+-------------------------------------------
     0 | D:1      | GeorgeSoros the Draconian Wanderer began the quest for the
                  | Orb.
     0 | D:1      | GeorgeSoros set off with the following items: a +0 club, a
                  | scroll of teleportation; and the following spells available
                  | to memorise: Sting, Magic Dart, Blink, Call Imp, Slow,
                  | Spider Form, Conjure Flame, Mephitic Cloud
     0 | D:1      | Reached XP level 1. HP: 14/14 MP: 7/7
     2 | D:1      | Learned a level 1 spell: Magic Dart
   169 | D:1      | Reached skill level 1 in Fighting
   169 | D:1      | Reached XP level 2. HP: 10/23 MP: 9/9
   534 | D:1      | Reached skill level 1 in Dodging
   534 | D:1      | Reached skill level 1 in Conjurations
  1038 | D:1      | Reached XP level 3. HP: 28/28 MP: 7/10
  1300 | D:2      | Upgraded the game from 0.27-a0-125-g37ff1ca to
                  | 0.27-a0-140-gaa1b0a6
  1394 | D:2      | Found an ancient bone altar of Kikubaaqudgha.
  1580 | D:2      | Found a shimmering blue altar of Sif Muna.
  1959 | D:2      | Reached skill level 2 in Conjurations
  1959 | D:2      | Reached XP level 4. HP: 36/36 MP: 10/12
  2068 | D:2      | Found a runed translucent door.
  2069 | D:2      | Noticed Crazy Yiuf
  2274 | D:2      | Killed Crazy Yiuf
  2588 | D:3      | Found an opulent altar of Gozag.
  2767 | D:3      | Noticed Natasha
  2775 | D:3      | Killed Natasha
  2776 | D:3      | Reached XP level 5. HP: 45/45 MP: 7/13
  2952 | D:3      | Noticed Natasha
  2959 | D:3      | Killed Natasha
  2960 | D:3      | Reached skill level 3 in Conjurations
  3001 | D:3      | Found a burning altar of Makhleb.
  3037 | D:3      | Became a worshipper of Makhleb the Destroyer
  3093 | D:3      | Noticed Natasha
  3100 | D:3      | Killed Natasha
  3748 | D:4      | Reached XP level 6. HP: 51/52 MP: 15/15
  3894 | D:4      | Upgraded the game from 0.27-a0-140-gaa1b0a6 to
                  | 0.27-a0-148-g9515ab5
  3949 | D:4      | Reached * piety under Makhleb
  4205 | D:4      | Identified the +2 dagger of Diet Blood {antimagic, rN+
                  | Int+4}
  4305 | D:4      | Noticed Robin
  4341 | D:4      | Killed Robin
  4342 | D:4      | Reached skill level 4 in Conjurations
  4523 | D:4      | Learned a level 3 spell: Mephitic Cloud
  4554 | D:4      | Found an ornate altar of the Wu Jian Council.
  4921 | D:5      | Entered Level 5 of the Dungeon
  5059 | D:5      | Got a transparent whip
  5060 | D:5      | Identified the +6 whip of Instant Death {venom, Stlth+}
                  | (You found it on level 5 of the Dungeon)
  5074 | D:5      | Reached ** piety under Makhleb
  5075 | D:5      | Reached skill level 1 in Air Magic
  5234 | D:5      | Reached skill level 1 in Poison Magic
  5237 | D:5      | Your scales start taking on an icy white colour.
  5237 | D:5      | Reached XP level 7. HP: 57/60 MP: 16/16
  5237 | D:5      | Gained mutation: Your flesh is cold resistant. (rC+) [White
                  | Draconian growth]
  5251 | D:5      | Found a staircase to the Ecumenical Temple.
  5872 | D:6      | Found a snail-covered altar of Cheibriados.
  5886 | D:5      | Reached skill level 5 in Conjurations
  5992 | D:6      | Upgraded the game from 0.27-a0-148-g9515ab5 to
                  | 0.27-a0-152-g6fc33f2
  7013 | D:6      | Learned a level 2 spell: Call Imp
  7641 | D:7      | Found Cewi's Antique Weapon Boutique.
  7727 | D:7      | Reached XP level 8. HP: 67/67 MP: 9/17
  8096 | D:7      | Found Nynom's Antique Weapon Shoppe.
  8123 | D:7      | Noticed an ice statue
  8255 | D:7      | Found Biagraut's Armour Boutique.
  8274 | D:7      | Found Vium's Weapon Boutique.
  8317 | D:7      | Reached skill level 6 in Conjurations
  8426 | D:7      | Reached skill level 1 in Summonings
  8586 | D:8      | Noticed Maurice
  8594 | D:8      | Noticed Maggie
  8616 | D:8      | Killed Maggie
  8617 | D:8      | Reached skill level 7 in Conjurations
  8846 | D:8      | Found an iron altar of Okawaru.
  8856 | D:8      | Found a sacrificial altar of Ru.
  8892 | D:8      | Reached skill level 1 in Invocations
  9021 | D:8      | Reached XP level 9. HP: 72/72 MP: 14/18
  9021 | D:8      | Reached *** piety under Makhleb
  9315 | D:8      | Killed Maurice
  9485 | D:8      | Reached skill level 8 in Conjurations
  9818 | D:9      | Learned a level 5 spell: Lightning Bolt
 10108 | D:9      | Found a blossoming altar of Fedhas.
 10254 | D:9      | Reached skill level 5 in Summonings
 10649 | D:9      | Noticed a troll
 10652 | D:9      | Noticed Erica
 10657 | D:9      | Killed a troll
 10670 | D:9      | Killed Erica
 10671 | D:9      | Reached skill level 9 in Conjurations
 10671 | D:9      | Reached skill level 5 in Air Magic
 10671 | D:9      | Reached skill level 5 in Invocations
 10910 | D:9      | Found a glowing golden altar of the Shining One.
 11015 | D:10     | Entered Level 10 of the Dungeon
 11078 | D:10     | Reached XP level 10. HP: 77/80 MP: 13/19
 11081 | D:10     | Reached **** piety under Makhleb
 11442 | D:10     | Reached skill level 1 in Evocations
 11943 | D:10     | Paralysed by a hornet for 3 turns
 11946 | D:10     | HP: 4/80 [hornet (8)]
 11947 | D:10     | Succumbed to a hornet's poison

Illustrated notes

Levels and vault maps discovered:
D:1:      heliophobic_arrival_ceremonial_halls, layout_basic
D:2:      layout_loops_ring, kiku_gazebo_garden_becter, lemuel_round_altar,
          corexii_leaking_fountain, uniq_crazy_yiuf_cottage
D:3:      layout_basic, makhleb_grotto_becter, overflow_temple_1_default,
          uniq_natasha
D:4:      layout_cave_pools, kennysheep_mini, minmay_rat_hole, uniq_robin
D:5:      layout_basic, minmay_temple_entry_statues_fountains,
          hangedman_decor_push, mrwooster_statue_mirror
D:6:      layout_cave_pools, cheibriados_altar_1, serial_bayou_lake_a
D:7:      lemuel_ice_statue, layout_cave_pools, serial_shops,
          kennysheep_little_box, kennysheep_mini_moat, nicolae_shop_statue_plus,
          shop_fountains
D:8:      layout_rooms, amethyst_overflow_temple_binary, minmay_misc_feat_five,
          uniq_maurice, uniq_maggie
D:9:      layout_loops_corners, lemuel_doored_altar,
          lemuel_coloured_pillars_altar, uniq_erica
D:10:     layout_stronghold, david_orc_5

Skill      XL: |  1  2  3  4  5  6  7  8  9 10 |
---------------+-------------------------------+-----
Fighting       | 1 2 3 4 |  4.6
Dodging        | 1 2 |  2.0
Conjurations   | 1 2 3 4 5 7 9 |  9.2
Air Magic      | 1 3 4 5 |  5.9
Poison Magic   | 1 3 4 |  4.0
Summonings     | 3 5 |  5.0
Invocations    | 1 5 |  5.0
Evocations     | 1 |  1.7
Stealth        | |  1.0
Shields        | |  1.0
Spellcasting   | |  6.0
Translocations | |  1.0
Transmutations | |  1.0

Action                   |  1- 3 |  4- 6 |  7- 9 | 10-12 || total
-------------------------+-------+-------+-------+-------++-------
Melee: Dagger            |    50 |   216 |    29 |       ||   295
       Tailslap          |     1 |    24 |    27 |     6 ||    58
       Mace              |       |    13 |    29 |       ||    42
       Whip              |       |    17 |   249 |    48 ||   314
 Cast: Magic Dart        |    56 |    65 |   110 |    24 ||   255
       Mephitic Cloud    |       |       |    28 |       ||    28
       Call Imp          |       |       |    14 |     5 ||    19
       Lightning Bolt    |       |       |       |     6 ||     6
 Abil: Evoke Flight      |       |       |     3 |       ||     3
       Breathe Frost     |       |       |     1 |       ||     1
  Use: Scroll            |     6 |     2 |    10 |     2 ||    20
       Potion            |       |       |     1 |     1 ||     2
 Stab: Sleeping          |     1 |       |     2 |       ||     3
       Confused          |       |       |     5 |       ||     5
       Distracted        |       |       |     1 |       ||     1
Armor: Skin              |     8 |    93 |    89 |    18 ||   208
Dodge: Dodged            |    31 |   180 |   170 |    58 ||   439

Table legend: (Time is in decaauts)
 A = Elapsed time spent in this place.
 B = Non-inter-level travel time spent in this place.
 C = Inter-level travel time spent in this place.
 D = Time resting spent in this place.
 E = Time spent auto-exploring this place.
 F = Levels seen in this place.
 G = Mean time per level.
                   A        B        C        D        E       F      G
               +--------+--------+--------+--------+--------+-----+--------+
         Total |  12061 |  11636 |    425 |   1338 |   8225 |  10 | 1206.1 |
       Dungeon |  12061 |  11636 |    425 |   1338 |   8225 |  10 | 1206.1 |
               +--------+--------+--------+--------+--------+-----+--------+

Top non-repeatable levels by time:
     D:6: 1632 daAuts
     D:3: 1381 daAuts
     D:1: 1291 daAuts
     D:9: 1235 daAuts
     D:4: 1196 daAuts
     D:7: 1167 daAuts
     D:8: 1114 daAuts
     D:2: 1105 daAuts
     D:5: 1001 daAuts
    D:10: 935 daAuts
